 Dungeon Crawl Stone Soup version 0.24-a0-347-g1a3e1d35ff (console) character file.

Game seed: 10413821504385203364

60 Dragon00 the Chopper (level 3, -3/33 HPs)
             Began as a Minotaur Berserker on May 23, 2019.
             Was a Believer of Trog.
             Slain by a hobgoblin
             ... wielding a +0 club
              (5 damage)
             ... on level 2 of the Dungeon.
             The game lasted 00:05:19 (980 turns).

Dragon00 the Chopper (Minotaur Berserker)            Turns: 980, Time: 00:05:20

Health: -3/33      AC:  2    Str: 21    XL:     3   Next: 82%
Magic:  2/2        EV: 12    Int:  4    God:    Trog [**....]
Gold:   115        SH:  0    Dex: 10    Spells: 2/2 levels left

rFire    . . .     SeeInvis .   a - +0 hand axe
rCold    . . .     Gourm    .   (no shield)
rNeg     . . .     Faith    .   g - +0 animal skin
rPois    .         Spirit   .   (helmet restricted)
rElec    .         Reflect  .   (no cloak)
rCorr    .         Harm     .   (no gloves)
MR       .....                  (no boots)
Stlth    +.........             (no amulet)
HPRegen  0.11/turn              (no ring)
MPRegen  0.08/turn              (no ring)

@: lethally poisoned (-3 -> -12), about to teleport, flying, very slightly
contaminated
A: retaliatory headbutt, horns 2
a: Berserk, Trog's Hand, Renounce Religion


You were on level 2 of the Dungeon.
You worshipped Trog.
Trog was pleased with you.
You were not hungry.

You visited 1 branch of the dungeon, and saw 2 of its levels.

You collected 115 gold pieces.

Inventory:

Hand Weapons
 a - a +0 hand axe (weapon)
 b - a +0 hunting sling
Missiles
 f - 15 stones (quivered)
Armour
 g - a +0 animal skin (worn)
Jewellery
 k - an uncursed ring of magical power
Comestibles
 c - 7 rations
 d - 3 chunks of flesh


   Skills:
 + Level 4.2 Fighting
 * Level 4.3 Axes
 + Level 3.2 Armour
 + Level 2.9 Dodging


You had 2 spell levels left.
You didn't know any spells.
Your spell library was empty.

Dungeon Overview and Level Annotations

Branches:
Dungeon (2/15)

Altars:


Innate Abilities, Weirdness & Mutations

You reflexively headbutt those who attack you in melee.
You have a pair of horns on your head.


Message History

As you read the scroll labeled WESCHO ICEUJ, it crumbles to dust.
It is a scroll of identify.
k - an uncursed ring of magical power
* * * LOW HITPOINT WARNING * * *
You feel sick. The adder barely misses you. You furiously retaliate!
You headbutt the adder!
You kill the adder!
Trog accepts your kill. The hobgoblin closely misses you.
Blink to where?
Press: ? - help, Dir - move target cursor You are very lightly contaminated with residual magic.
As you read the scroll labeled JIQEON OSAIW, it crumbles to dust.
It was a scroll of blinking.
* * * LOW HITPOINT WARNING * * *
You feel sick.
The hobgoblin hits you but does no damage.
Some of the chunks of flesh in your inventory have rotted away.
* * * LOW HITPOINT WARNING * * *
You feel sick. The hobgoblin hits you with a +0 club.
You die... .... ...█ ...█ █..█ █<.█ █..█ ████████?[█

.......@§.█
████████g.█
█..█ ...█
█..█ ....


████ █████ ..... █████ You could see a hobgoblin.

Vanquished Creatures
  An adder (D:2)
  An ooze (D:1)
  A dart slug (D:2)
  A leopard gecko (D:1)
  A ball python (D:1)
  2 giant cockroaches (D:1)
  6 goblins
  4 hobgoblins (D:1)
  6 jackals (D:2)
  7 bats
  2 frilled lizards (D:1)
  7 kobolds
  3 rats (D:1)
42 creatures vanquished.

Notes
Turn   | Place    | Note
-------+----------+-------------------------------------------
     0 | D:1      | Dragon00 the Minotaur Berserker began the quest for the
                  | Orb.
     0 | D:1      | Reached XP level 1. HP: 19/19 MP: 0/0
    87 | D:1      | Reached XP level 2. HP: 14/27 MP: 1/1
   353 | D:1      | You fall into a shaft and drop 1 floor!
   452 | D:2      | Reached ** piety under Trog
   530 | D:1      | Reached XP level 3. HP: 33/33 MP: 2/2
   980 | D:2      | Slain by a hobgoblin

Levels and vault maps discovered:
D:1:      dpeg_arrival_rhombus, layout_basic, minmay_vboxes
D:2:      layout_loops_ring, kennysheep_okawaru_gauntlet, minmay_cut_off,
          uniq_sigmund

Skill      XL: |  1  2 |
---------------+-------+-----
Fighting       | 4 |  4.2
Axes           | 4 |  4.3
Armour         | 3 |  3.2
Dodging        | |  2.9

Action                   || total
-------------------------++-------
Melee: Hand axe          ||    63
       Headbutt          ||    11
 Fire: Hunting sling     ||    15
Throw: Stone             ||     3
Invok: Berserk           ||     2
  Use: Scroll            ||     3
       Potion            ||     1
 Stab: Sleeping          ||     1
  Eat: Chunk             ||     2
Armor: Animal skin       ||    19
Dodge: Dodged            ||    49

Table legend:
 A = Non-vault XP
 B = Vault XP
 C = Vault XP percentage of total XP
 D = Non-vault monster count
 E = Vault monster count
 F = Vault count percentage of total count
                 A         B        C        D         E       F
            +---------+---------+-------+---------+---------+-------
      Total |      76 |      11 |  12.6 |      35 |       7 |  16.7
            +---------+---------+-------+---------+---------+-------
        D:1 |      40 |      10 |  20.0 |      22 |       6 |  21.4
        D:2 |      36 |       1 |   2.7 |      13 |       1 |   7.1
            +---------+---------+-------+---------+---------+-------
